 Dungeon Crawl Stone Soup version 0.20.1-1-g8b1a95d (webtiles) character file.

125 Araratina the Shield-Bearer (level 5, -3/41 HPs)
             Began as a Human Fighter on Oct 26, 2017.
             Was an Initiate of Gozag.
             Slain by an ogre
             ... wielding a +0 giant spiked club
              (22 damage)
             ... on level 4 of the Dungeon.
             The game lasted 00:14:51 (2123 turns).

Araratina the Shield-Bearer (Human Fighter)         Turns: 2123, Time: 00:14:51

Health: -3/41      AC:  5    Str: 16    XL:     5   Next: 30%
Magic:  5/5        EV:  8    Int:  9    God:    Gozag
Gold:   126        SH:  9    Dex: 13    Spells: 4/4 levels left

rFire    . . .     SeeInvis .   a - +0 long sword
rCold    . . .     Gourm    .   c - +0 shield
rNeg     . . .     Faith    .   u - +0 ring mail {rPois}
rPois    +         Spirit   .   (no helmet)
rElec    .         Reflect  .   (no cloak)
rCorr    .         Harm     .   (no gloves)
MR       .....                  (no boots)
Stlth    +.........             n - amulet of regeneration
Regen    0.6/turn               (no ring)
MPRegen  0.1/turn               (no ring)

@: no status effects
A: no striking features
a: Potion Petition, Call Merchant, Bribe Branch, Renounce Religion


You were on level 4 of the Dungeon.
You worshipped Gozag.
Gozag was aware of your devotion.
You were hungry.

You visited 1 branch of the dungeon, and saw 4 of its levels.

You collected 200 gold pieces.
You paid 74 gold pieces to Gozag.

Inventory:

Hand Weapons
 a - a +0 long sword (weapon)
 s - a +0 flail
Armour
 b - a +0 scale mail
 c - a +0 shield (worn)
 m - a +0 chain mail
 u - a +0 ring mail of poison resistance (worn)
 A - a +0 chain mail
Jewellery
 n - an amulet of regeneration (around neck)
Scrolls
 g - 6 scrolls of identify
 l - a scroll of noise {unknown}
 o - a scroll of teleportation {unknown}
 r - 3 scrolls of recharging {unknown}
 t - a scroll of remove curse
 y - a scroll of random uselessness {unknown}
Potions
 d - a potion of might
 e - a potion of agility {unknown}
 h - 3 potions of haste
 j - 2 potions of heal wounds {unknown}
 p - a potion of flight {unknown}
 q - a potion of magic {unknown}
 v - a potion of mutation {unknown}
 w - a potion of berserk rage {unknown}
 z - a potion of resistance {unknown}
Comestibles
 f - 4 bread rations
 i - 3 meat rations
 k - 3 fruits


   Skills:
 + Level 3.5 Fighting
 + Level 3.2 Long Blades
 + Level 3.6 Armour
 + Level 0.4 Dodging
 + Level 3.9 Shields


You had 4 spell levels left.
You didn't know any spells.

Dungeon Overview and Level Annotations

Branches:
Dungeon (4/15)
 Temple: D:4-7

Altars:
Gozag


Message History

The ogre hits you but does no damage.
You hit the ogre but do no damage. You slash the ogre!
The ogre is moderately wounded.
The ogre hits you with a giant spiked club!!
You barely miss the ogre.
The ogre is lightly wounded.
You block the ogre's attack.
Your shield prevents you from hitting the ogre.
The ogre is lightly wounded.
The ogre hits you with a giant spiked club!
You hit the ogre.
The ogre is moderately wounded.
The ogre barely misses you.
You hit the ogre.
The ogre is heavily wounded.
The ogre hits you with a giant spiked club!!
Ouch! That really hurt!
You die...
Your body crumbles into a pile of gold.

##..##.......>..
#####..##...........
####.....##............
##........#.............
.........#..............
#......#..............
#...................##
#.....O..........####
#....@#......#####
#.....########
#######.....#
##...##......#
#............#
#...._......##
#...........#
##..........#
#..(.......#


You could see an ogre.

Vanquished Creatures
  4 adders
  3 oozes
  3 worms
  A leopard gecko (D:3)
  8 bats
  5 giant cockroaches
  7 goblins
  10 hobgoblins
  3 jackals (D:3)
  3 quokkas (D:2)
  4 frilled lizards
  5 kobolds
  9 rats
65 creatures vanquished.

Notes
Turn   | Place    | Note
-------+----------+-------------------------------------------
     0 | D:1      | Araratina the Human Fighter began the quest for the Orb.
     0 | D:1      | Reached XP level 1. HP: 18/18 MP: 1/1
   150 | D:1      | Reached XP level 2. HP: 24/24 MP: 2/2
   288 | D:1      | Reached XP level 3. HP: 22/29 MP: 3/3
  1072 | D:2      | Reached XP level 4. HP: 20/35 MP: 4/4
  1737 | D:3      | Reached XP level 5. HP: 40/41 MP: 5/5
  2073 | D:4      | Found an opulent altar of Gozag.
  2084 | D:4      | Became a worshipper of Gozag Ym Sagoz the Greedy
  2102 | D:4      | Noticed an ogre
  2123 | D:4      | Slain by an ogre

Skill      XL: |  1  2  3  4 |
---------------+-------------+-----
Long Blades    | 3 |  3.2
Fighting       | |  3.5
Armour         | |  3.6
Dodging        | |  0.4
Shields        | |  3.9

Action                   |  1- 3 |  4- 6 || total
-------------------------+-------+-------++-------
Melee: Long sword        |   125 |   157 ||   282
  Use: Scroll            |       |     2 ||     2
       Potion            |       |     1 ||     1
  Eat: Chunk             |       |     4 ||     4
Armor: Scale mail        |    35 |       ||    35
       Chain mail        |    22 |    95 ||   117
       Ring mail         |       |    10 ||    10
Dodge: Dodged            |    27 |    45 ||    72
Block: Shield            |    73 |    98 ||   171
       Rpst.: Long sword |     5 |    11 ||    16
